 Dungeon Crawl Stone Soup version 0.19-a0-790-ge39e1af (webtiles) character file.

353 tyrsky the Ruffian (level 6, -2/57 HPs)
             Began as a Naga Transmuter on June 26, 2016.
             Slain by a gnoll shaman
             ... wielding a +0 whip
              (7 damage)
             ... on level 5 of the Dungeon.
             The game lasted 00:16:19 (1514 turns).

tyrsky the Ruffian (Naga Transmuter)                Turns: 1514, Time: 00:16:20

Health: -2/57      AC:  7    Str: 14    XL:     6   Next: 62%
Magic:  1/9        EV: 10    Int: 13    God:
Gold:   221        SH:  0    Dex: 18    Spells: 3 memorised, 3 levels left

rFire  . . .     SeeInvis +       - Unarmed
rCold  . . .     Gourm    .     s - +1 leather armour of Jigsaw {Dex+6} (curse)
rNeg   . . .     Faith    .     (no shield)
rPois  +         Spirit   .     (no helmet)
rElec  .         Dismiss  .     j - +2 cloak
rCorr  .         Reflect  .     (no gloves)
SustAt .         Harm     .     (no barding)
MR     .....                    (no amulet)
Stlth  +.........               y - ring of flight
                                x - ring of poison resistance

@: short of breath, appendage (expiring), very slightly contaminated, glowing,
very slow, not resistant to hostile enchantments, very unstealthy
A: horns 2, see invisible, deformed body, poison resistance, slowness 2, slow
metabolism 1, spit poison 2, AC +2
a: Spit Poison, End Transformation, Evoke Flight


You were on level 5 of the Dungeon.
You were hungry.
You had grown temporary horns.
You visited 1 branch of the dungeon, and saw 6 of its levels.

You collected 221 gold pieces.

Inventory:

Missiles
 a - 16 arrows
 t - 5 javelins (quivered)
Armour
 b - a +0 robe
 j - a +2 cloak (worn)
 s - the cursed +1 leather armour of Jigsaw (worn) {Dex+6}
   (You found it on level 4 of the Dungeon)

   It affects your dexterity (+6).
   It has a curse placed upon it.
Jewellery
 x - a ring of poison resistance (left hand)
 y - a ring of flight (right hand)
Wands
 e - a wand of disintegration (15/24)
Scrolls
 i - a scroll of magic mapping
 n - a scroll of recharging
 r - 3 scrolls of identify {@*1}
Potions
 l - a potion of cancellation {unknown}
 m - a potion of brilliance {unknown}
 p - 2 potions of resistance
 q - a potion of mutation {unknown}
 w - a potion of berserk rage {unknown}
 z - 2 potions of flight {unknown}
Books
 c - a book of Changes

   Spells                             Type                      Level
   a - Beastly Appendage              Transmutation                1
   b - Sticks to Snakes               Transmutation                2
   c - Spider Form                    Transmutation/Poison         3
   d - Ice Form                       Ice/Transmutation            4
   e - Blade Hands                    Transmutation                5
Comestibles
 d - 2 bread rations
 f - 2 meat rations
 g - 3 fruits
 k - 3 slices of pizza
 o - a beef jerky
 u - 2 chunks of flesh


   Skills:
 * Level 4.1 Fighting
 - Level 1.5 Dodging
 + Level 3.7 Stealth
 * Level 4.6 Unarmed Combat
 - Level 2.0 Spellcasting
 + Level 3.0 Transmutations


You had 3 spell levels left.
You knew the following spells:

 Your Spells              Type           Power        Failure   Level  Hunger
a - Beastly Appendage     Tmut           #.....       12%         1    ##.....
b - Sticks to Snakes      Tmut           #.......     14%         2    ###....
c - Spider Form           Tmut/Pois      #.........   54%         3    ####...


Dungeon Overview and Level Annotations

Branches:
Dungeon (6/15)
 Temple: D:4-7

Altars:
Okawaru

Annotations:
D:3 Conn321's ghost, amateur OpCj
D:4 Natasha; Robin


Innate Abilities, Weirdness & Mutations

You cannot wear boots.
Your serpentine skin is tough. (AC +2)
You have supernaturally acute eyesight. (SInv)
Armour fits poorly on your strangely shaped body.
Your system is resistant to poisons. (rPois)
You cover ground very slowly.
You have a slow metabolism.
You can spit poison.
You have a pair of horns on your head.


Message History

You can't do that yet.
You can't do that yet.
Okay, then.
Okay, then.
You can't do that yet.
You hit the gnoll shaman. Your punch misses the gnoll shaman.
The gnoll shaman is heavily wounded.
Your adder barely misses the gnoll.
The gnoll shaman calls upon its god to speed up the gnoll.
The gnoll seems to speed up.
The gnoll hits you but does no damage.
You hit the gnoll shaman. You headbutt the gnoll shaman.
The gnoll shaman is almost dead.
Your adder bites the gnoll.
The gnoll is poisoned.
Your adder poisons the gnoll!
The gnoll hits you from afar with a spear of flaming.
* * * LOW HITPOINT WARNING * * *
The gnoll burns you.
* * * LOW HITPOINT WARNING * * *
The gnoll shaman hits you with a whip!
You die...

######
#....#
#....#
###### #...#
#....#
##...### +
#....#
#...(.'. #..
#.)..#
##...##.
#....#ggN.#
#....##
#.....S)..#
#####.....+
#####.#####
#....#.>.##
..
#....'...#
...
#....#...##.
...
#....#...##.
..
#....#...##.
.
#....#...##.
#....'......


You could see a gnoll shaman, a gnoll and a friendly adder.

Vanquished Creatures
  A howler monkey skeleton (D:4)
  9 adders
  4 gnolls
  A worm (D:3)
  2 dart slugs (D:1)
  3 giant geckos
  7 giant cockroaches
  12 goblins
  7 hobgoblins
  2 kobolds (D:1)
  2 quokkas
  A ball python (D:4)
  7 bats
  5 giant newts
  A quokka zombie (D:5)
  2 rats
66 creatures vanquished.

Vanquished Creatures (collateral kills)
  An ogre (D:5)
  A hound (D:4)
  Ijyb (D:3)
  A worker ant (D:4)
  2 gnolls
  An orc (D:5)
  5 goblins (D:3)
12 creatures vanquished.

Vanquished Creatures (others)
  A goblin (D:4)
1 creature vanquished.

Grand Total: 79 creatures vanquished

Notes
Turn   | Place    | Note
--------------------------------------------------------------
     0 | D:1      | tyrsky the Naga Transmuter began the quest for the Orb.
     0 | D:1      | Reached XP level 1. HP: 18/18 MP: 3/3
    80 | D:1      | Reached XP level 2. HP: 15/25 MP: 1/5
   159 | D:1      | Reached skill level 1 in Stealth
   289 | D:2      | Reached XP level 3. HP: 18/32 MP: 4/6
   358 | D:3      | Reached XP level 4. HP: 34/39 MP: 5/7
   444 | D:4      | Learned a level 2 spell: Sticks to Snakes
   448 | D:4      | Learned a level 3 spell: Spider Form
   454 | D:4      | Noticed Natasha
   587 | D:3      | Noticed Ijyb
   604 | D:3      | Killed Ijyb
   604 | D:3      | Reached XP level 5. HP: 30/49 MP: 2/8
   681 | D:3      | Noticed Conn321's ghost (amateur OpCj)
   934 | D:4      | Noticed Robin
  1240 | D:4      | Found an iron altar of Okawaru.
  1287 | D:4      | Reached XP level 6. HP: 43/56 MP: 5/9
  1315 | D:4      | Got a jet-encrusted leather armour
  1342 | D:4      | Identified the cursed +1 leather armour of Jigsaw {Dex+6} (You found it on level 4 of the Dungeon)
  1409 | D:5      | Entered Level 5 of the Dungeon
  1431 | D:5      | Noticed an ice beast
  1514 | D:5      | Slain by a gnoll shaman

Vault maps used:
D:1:      lightli_arrival_quake, minmay_stone_trees_medium,
          minmay_misc_feat_four_crosses, minmay_pentomino_r4
D:2:      first_bread
D:3:      kennysheep_the_goblin_king
D:4:      lightli_sewer_entry_pipes, okawaru_metal_pillars_3, uniq_robin,
          uniq_natasha
D:6:      serial_shops, kennysheep_mini

Skill      XL: |  1  2  3  4  5  6 |
---------------+-------------------+-----
Stealth        | 1 2 3 |  3.7
Fighting       | 2 3 4 |  4.1
Unarmed Combat | 4 |  4.6
Transmutations | 3 |  3.0
Dodging        | |  1.5
Spellcasting   | |  2.0

Action                   |  1- 3 |  4- 6 || total
-------------------------+-------+-------++-------
Melee: Unarmed           |    53 |   109 ||   162
       Headbutt          |     4 |     8 ||    12
       Punch             |       |     2 ||     2
Throw: Javelin           |       |     7 ||     7
 Cast: Beastly Appendage |    12 |     9 ||    21
       Sticks to Snakes  |       |    12 ||    12
       Spider Form       |       |     1 ||     1
 Abil: Spit Poison       |     9 |    32 ||    41
  Use: Potion            |     1 |     1 ||     2
       Scroll            |       |     8 ||     8
 Stab: Sleeping          |       |     2 ||     2
  Eat: Chunk             |       |     5 ||     5
Armor: Robe              |    27 |    36 ||    63
       Leather armour    |       |     5 ||     5
Dodge: Dodged            |    35 |    71 ||   106
